AoeStats
← Morrig4n4692

Arena

509491524Analyzed
1v1 RM · 7d ago on Sep 27, 2026· 31m 10s· 2 players
Game mode
Random Map
Map size
Tiny (2 player)
Population
200
Speed
Normal
Resources
Standard
Victory
Conquest
Starting age
Dark Age
Ending age
Imperial Age
RankedLock teamsTeams togetherTeam positionsShared explorationLock speedFull tech treeHidden civsTurbo modeCheats
Victory
Defeat
🇺🇸 Franks · United States
1064
+32
🇦🇹 Varangians · Austria
1062
-16
stYx
11:30 Feudal Age
12:29 Loom
15:20 Castle Age
13:26 Stone Mining
23:10 Double-Bit Axe
26:54 Fletching
27:04 Padded Archer Armor
28:23 Bow Saw
Morrig4n4692
2:10 Loom
11:01 Feudal Age
14:42 Castle Age
17:34 Double-Bit Axe
19:21 Scale Barding Armor
25:20 Forging
27:33 Chain Barding Armor
29:48 Wheelbarrow
Connection lost

Rejoining the realm…

Still unreachable

The connection could not be restored.

Session expired

The server has moved on; the page needs a fresh start.